 Dungeon Crawl Stone Soup version 0.30.0-15-g856e2d3f33 (webtiles) character file.

Game seed: 5534036260938956938

294907 qw the Impregnable (level 21, 0/144 HPs)
             Began as a Gargoyle Fighter on May 20, 2023.
             Was the Champion of Okawaru.
             Slain by Donald
             ... wielding a +0 heavy scimitar
              (30 damage)
             ... on level 4 of the Spider Nest.
             The game lasted 00:24:58 (37995 turns).

qw the Impregnable (Gargoyle Fighter)              Turns: 37995, Time: 00:24:58

Health: 0/144      AC: 55    Str: 29    XL:     21   Next: 24%
Magic:  20/28      EV: 10    Int: 11    God:    Okawaru [******]
Gold:   624        SH: 38    Dex:  9    Spells: 20/20 levels left

rFire   + . .        x - +1 war axe (vamp)
rCold   + . .        c - +18 shield of the Gong {Loud rN+ Will+ rCorr EV-5}
rNeg    + + .        p - +1 gold dragon scales
rPois   inf          l - +2 helmet
rElec   +            e - +1 cloak
rCorr   +            F - +0 pair of gloves
SInv    +            v - +1 pair of boots
Will    ++...        j - amulet of reflection Stlth
                     f - +5 ring of evasion
HPRegen 0.44/turn    a - ring of see invisible
MPRegen 0.21/turn

%: reflection
@: about to teleport, heroic, flying, slowed, very slow
A: sickness immunity, AC +16, big wings, negative energy resistance 1,
electricity resistance, torment resistance 1, petrification resistance
}: 1/15 runes: barnacled
a: Renounce Religion, Heroism, Finesse, Duel


You were on level 4 of the Spider Nest.
You worshipped Okawaru.
Okawaru was exalted by your worship.
You visited 7 branches of the dungeon, and saw 35 of its levels.
You visited the Abyss 1 time.

You collected 3574 gold pieces.
You spent 2950 gold pieces at shops.


Innate Abilities, Weirdness & Mutations

You are immune to sickness and miasma.
Your stone body is resilient. (AC +16)
You are immune to poison.
Your large and strong wings let you fly.
You resist negative energy. (rN+)
You are resistant to electric shocks. (rElec)
You are resistant to unholy torment.
You are immune to petrification.


   Skills:
 - Level 19.0(24.0) Fighting
 - Level 18.0(23.0) Axes
 - Level 9.0(14.0) Throwing
 + Level 21.1(26.1) Armour
 - Level 4.0(9.0) Dodging
 - Level 17.0(22.0) Shields
 - Level 10.0 Invocations


You had 20 spell levels left.
You didn't know any spells.
Your spell library was empty.

Inventory:

Hand Weapons
 x - a +1 vampiric war axe (weapon)
 Y - a +4 broad axe of freezing
Missiles
 o - 2 silver boomerangs (quivered)
 E - 12 boomerangs
 I - 3 boomerangs of dispersal
Armour
 c - the +18 shield of the Gong (worn) {Loud rN+ Will+ rCorr EV-5}
   (You found it on level 1 of the Lair of Beasts)

   Loud:      It is deafeningly noisy when blocking attacks.
   EV:        It affects your evasion (-5).
   rN:        It protects you from negative energy.
   rCorr:     It protects you from acid and corrosion.
   Will:      It increases your willpower.
 e - a +1 cloak (worn)
 l - a +2 helmet (worn)
 p - +1 gold dragon scales (worn)
 v - a +1 pair of boots (worn)
 A - a +5 plate armour of fire resistance
 B - the +1 helmet of Cuptuxaa {rF+++ Str-3 Int+8}
   (You found it on level 1 of the Vaults)

   Str:       It affects your strength (-3).
   Int:       It affects your intelligence (+8).
   rF:        It renders you almost immune to fire.
 F - a +0 pair of gloves (worn)
Jewellery
 a - a ring of see invisible (right hand)
 f - a +5 ring of evasion (left hand)
 j - an amulet of reflection (around neck)
 q - the ring of the Monkey {rElec rF- rC+ rN+ Int+3}
   (You found it on level 13 of the Dungeon)

   [ring of protection from cold]

   Int:       It affects your intelligence (+3).
   rF:        It makes you vulnerable to fire.
   rC:        It protects you from cold.
   rElec:     It insulates you from electricity.
   rN:        It protects you from negative energy.
 r - a ring of fire
 s - a ring of resist corrosion
 y - the ring "Fadedoi" {Ice Str+4}
   (You found it on level 6 of the Dungeon)

   [ring of ice]

   It enhances your ice magic.
   Str:       It affects your strength (+4).
   rF:        It makes you vulnerable to fire.
   rC:        It protects you from cold.
 z - a ring of protection from fire
 C - a ring of resist corrosion
 G - a +6 ring of dexterity
Wands
 i - a wand of digging (3)
Scrolls
 k - 19 scrolls of identify
 u - 9 scrolls of teleportation
Potions
 b - 10 potions of mutation
 d - 7 potions of might
 g - 8 potions of lignification
 h - 7 potions of haste
 m - 4 potions of heal wounds
 n - 6 potions of attraction
 t - 20 potions of curing
 D - 3 potions of resistance
 H - 3 potions of cancellation

Dungeon Overview and Level Annotations

Branches:
Dungeon (15/15)            Temple (1/1) D:5            Lair (5/5) D:10
 Shoals (4/4) Lair:3       Spider (4/4) Lair:2        Slime (0/5) Lair:5
    Orc (2/2) D:10            Elf (0/3) Orc:2        Vaults (4/5) D:13
  Crypt (0/3) Vaults:2     Depths (0/4) D:15

Altars:
Ashenzari
Cheibriados
Dithmenos
Elyvilon
Fedhas
Gozag
Hepliaklqana
Kikubaaqudgha
Makhleb
Nemelex Xobeh
Okawaru
Qazlal
Ru
Sif Muna
Trog
Uskayaw
Vehumet
Wu Jian
Xom
Yredelemnul
Zin
The Shining One

Shops:
D:2 =   D:12 [   Orc:1 (   Orc:2 ?(*:   Shoals:3 :   Shoals:4 *[   Vaults:1 !
Vaults:3 (   Vaults:4 !(([

Portals:
Pandemonium: Orc:2

Annotations:
Lair:3 1 runed translucent door, qw's ghost, journeyman GrCA
Lair:5 3 runed translucent doors, qw's ghost, journeyman GrCA
Shoals:2 2 transporters, qw's ghost, adept GrFi
Spider:2 2 transporters, Beorghan's ghost, adept MiBe
Spider:4 Donald


Message History

You slash Donald!
Donald is almost dead.
You closely miss the redback. You hit the demonic crawler. You hit the redback.
You hit the radroach. You hit the broodmother. You hit the jumping spider.
The jumping spider leaps!
You block the demonic crawler's attack.
GONNNNG!
You block the demonic crawler's attack.
GONNNNG!
The demonic crawler hits you but does no damage.
The redback bites you but does no damage.
The jumping spider pounces on you but does no damage.
You block the jumping spider's attack.
PTOANNNG!
You block the redback's attack.
BONNNG!
The broodmother bites you but does no damage.
The radroach bites you!
The radroach claws you but does no damage.
The jumping spider leaps!
You block Donald's attack.
PANG!
You hear a faint skittering sound.
37995 ||| READING 10 scrolls of teleportation.
As you read the scroll of teleportation, it crumbles to dust.
You feel strangely unstable.
You hear a faint skittering sound.
The jumping spider leaps!
You block the redback's attack.
BONNNG!
The jumping spider leaps!
The redback bites you but does no damage.
You block the demonic crawler's attack.
GONNNNG!
The demonic crawler hits you but does no damage. x2
You block the broodmother's attack.
BOUMMMMG!
The redback bites you but does no damage. x2
The radroach bites you but does no damage.
You block the radroach's attack.
SHROANNG!
Donald says, "Arachnophobia is no disease, it's common sense."
Donald hits you with a +0 heavy scimitar!!
You die...

...........?.^#
..............# ..
#...........)%## ...
..............)##
.^.0
(..............##....
............s..s....
.....s......w......
#........^Bw@......
........s@sw0....
.##.....ss......
#...s...s..<...
.....^######....
.....# ###. .....
...## ##


You could see a broodmother, Donald (fast, strong, reflecting), a radroach, 2
steelbarb worms, a torpor snail, a demonic crawler, 2 orb spiders, 3 jumping
spiders and 2 redbacks.

Vanquished Creatures
  Bai Suzhen (Shoals:4)
  Saint Roka (Vaults:2)
  A bone dragon (Abyss:2)
  Jorgrun (D:14)
  A lich (Vaults:4)
  4 tentacled starspawn (Abyss:2)
  Frances (Spider:1)
  Polyphemus (Shoals:4)
  A storm dragon (D:13)
  A sphinx (D:13)
  Kirke (Shoals:4)
  Roxanne (Shoals:3)
  9 vault wardens
  Aizul (Shoals:4)
  A ghost moth (Spider:4)
  21 ironbound preservers
  A cacodemon (Abyss:2)
  7 very ugly things
  2 orc warlords
  2 elemental wellsprings (Shoals:1)
  2 vampire knights (D:13)
  A stone giant (Vaults:1)
  15 ironbound thunderhulks
  A dire elephant (shapeshifter) (Vaults:1)
  Azrael (D:14)
  13 dire elephants
  A spark wasp (Spider:4)
  A merfolk javelineer (Shoals:4)
  5 merfolk impalers
  Josephine (D:12)
  A fire dragon (shapeshifter) (Vaults:1)
  An ettin (D:13)
  12 yaktaur captains
  2 great orbs of eyes
  3 ogre magi
  7 hydras
  5 entropy weavers
  Harold (Lair:1)
  11 vault guards
  A jorogumo (Spider:3)
  3 death knights
  3 catoblepae
  7 ironbound frosthearts
  7 merfolk avatars
  2 alligator snapping turtles
  4 radroaches
  11 boulder beetles
  3 merfolk aquamancers
  15 centaur warriors
  12 two-headed ogres
  4 satyrs
  A tengu warrior (D:14)
  2 thrashing horrors (Abyss:2)
  4 death yaks (Shoals:4)
  Urug (D:13)
  2 orc high priests
  2 sun demons (Shoals:3)
  Nergalle (Lair:1)
  A soul eater (Orc:2)
  2 shadow wraiths
  Amaemon (Lair:3)
  A sixfirhy (Abyss:2)
  3 skysharks
  3 wretched stars (Abyss:2)
  A sun moth (Spider:1)
  A pharaoh ant (Spider:2)
  10 sea snakes
  A swamp dragon (shapeshifter) (Abyss:2)
  A flayed ghost (D:13)
  45 deep trolls
  A glowing orange brain (Vaults:1)
  A steelbarb worm (Spider:2)
  9 orb spiders
  15 ironbound convokers
  6 orc knights
  11 lindwurms
  18 harpies
  17 wizards
  Pikel (D:8)
  A phantasmal warrior (Vaults:4)
  A deep elf pyromancer (D:13)
  19 wolf spiders
  13 orc sorcerers
  A wolf spider (shapeshifter) (Vaults:1)
  12 fauns
  A salamander (D:15)
  6 cyclopes
  8 manticores
  34 ugly things
  A moth of wrath (Spider:4)
  15 vault sentinels
  5 black mambas
  8 merfolk sirens
  An elephant (shapeshifter) (Vaults:1)
  2 apocalypse crabs (Abyss:2)
  2 orange demons
  10 water nymphs
  A gargoyle (D:14)
  6 demonic crawlers
  A torpor snail (Lair:1)
  A cane toad (shapeshifter) (Vaults:1)
  2 smoke demons (Abyss:2)
  4 large abominations
  A hellion (Abyss:2)
  A kobold demonologist (D:12)
  12 cane toads
  A rime drake (shapeshifter) (Vaults:1)
  19 yaktaurs
  An unseen horror (D:13)
  5 komodo dragons
  3 rime drakes
  6 ice devils
  An efreet (D:13)
  A freezing wraith (D:15)
  6 trolls
  A red devil (Orc:2)
  2 ancient zymes (Abyss:2)
  9 wind drakes
  A tyrant leech (D:13)
  A hellwing (Abyss:2)
  3 meliai (Spider:4)
  13 tarantellas
  9 hornets
  13 merfolk
  13 blink frogs
  7 polar bears
  A blink frog (shapeshifter) (D:10)
  3 raiju (Abyss:2)
  A snapping turtle (shapeshifter) (D:15)
  2 dream sheep (Lair:5)
  7 snapping turtles
  24 slime creatures
  5 vampires
  7 jumping spiders
  11 spriggans (Lair:5)
  4 shadows
  13 culicivoras
  4 water elementals (Shoals:3)
  3 ynoxinuls (Abyss:2)
  5 wyverns
  42 yaks
  Grum (D:11)
  7 wraiths
  3 fire elementals (D:14)
  3 hogs (Shoals:4)
  16 humans (D:13)
  3 basilisks
  A chaos spawn (Abyss:2)
  A neqoxec (Abyss:2)
  21 redbacks
  4 small abominations
  4 wargs
  6 steam dragons
  5 vampire mosquitoes (D:13)
  An acid dragon (D:12)
  16 water moccasins
  7 hell hounds
  2 black bears
  A sky beast (D:7)
  An ice beast (D:6)
  35 orc warriors
  A black bear (shapeshifter) (D:13)
  17 ogres
  45 wolves
  7 boggarts
  8 centaurs
  3 phantoms
  2 lemures (D:8)
  2 kobold brigands (D:8)
  5 bullfrogs
  A gnoll sergeant (D:10)
  A scorpion (D:6)
  8 wights
  17 killer bees
  2 electric eels (D:8)
  9 howler monkeys
  A quasit (Abyss:2)
  6 hounds
  7 jellies
  23 orc priests
  An iron imp (Abyss:2)
  A sleepcap (D:6)
  4 iguanas
  7 hell rats (Lair:3)
  22 orc wizards
  13 gnolls
  10 adders
  A shadow imp (D:7)
  A white imp (Abyss:2)
  5 ufetubi
  A worm (D:5)
  2 dart slugs (D:1)
  91 orcs
  7 ball pythons
  7 endoplasms
  7 giant cockroaches
  7 goblins
  6 hobgoblins
  3 jackals (D:4)
  6 kobolds
  2 quokkas
  6 bats
  5 frilled lizards
  5 rats
  5 starspawn tentacles (Abyss:2)
1321 creatures vanquished.

Vanquished Creatures (others)
  2 manticores
  3 ynoxinuls (D:14)
  A redback (Spider:2)
  An orc wizard (D:7)
  An orc (Orc:2)
  7 starspawn tentacles (Abyss:2)
15 creatures vanquished.

Grand Total: 1336 creatures vanquished

Notes
Turn   | Place    | Note
-------+----------+-------------------------------------------
     0 | D:1      | qw the Gargoyle Fighter began the quest for the Orb.
     0 | D:1      | Reached XP level 1. HP: 14/14 MP: 1/1
     0 | D:1      | 0 ||| qw: Version: 0.2-a-97-g6b18286
     0 | D:1      | 0 ||| qw: Game counter: 24
     0 | D:1      | 0 ||| qw: Always use a shield: true
     0 | D:1      | 0 ||| qw: God list: Okawaru
     0 | D:1      | 0 ||| qw: Allow faded altars: false
     0 | D:1      | 0 ||| qw: Do Orc after D:15 true
     0 | D:1      | 0 ||| qw: Do second Lair branch before Depths: true
     0 | D:1      | 0 ||| qw: Lair rune preference: random
     0 | D:1      | 0 ||| qw: Plans: Normal, Zot:1-4, God:TSO, Crypt, Tomb,
                  | Pan, Slime:5, Hells, Abyss, Win
     0 | D:1      | 0 ||| PLANNING D:1-11
    90 | D:1      | 90 ||| Stepping ~*~*~tactically~*~*~ (hiding).
    93 | D:1      | 93 ||| Stepping ~*~*~tactically~*~*~ (hiding).
   103 | D:1      | Reached XP level 2. HP: 13/19 MP: 2/2
   355 | D:1      | Reached skill level 3 in Axes
   555 | D:1      | Reached XP level 3. HP: 23/23 MP: 3/3
   672 | D:1      | 672 ||| DROPPING +0 club.
   870 | D:1      | 870 ||| UPGRADING to +0 cloak.
   875 | D:1      | 875 ||| UPGRADING to +2 helmet.
   880 | D:1      | 880 ||| READING scroll labelled BAUZ NAJAHEQI.
   881 | D:1      | 881 ||| READING scroll labelled LYARUA OSIUQOH.
   882 | D:1      | 882 ||| READING scroll labelled HAKAICW ZE CYU.
   883 | D:1      | 883 ||| READING scroll labelled KASTRI NIYMO.
   884 | D:1      | 884 ||| READING scroll labelled BUGEASKAKO.
   958 | D:2      | Found a faded altar of an unknown god.
  1028 | D:2      | 1028 ||| Stepping ~*~*~tactically~*~*~ (stealth).
  1169 | D:2      | Found a shadowy altar of Dithmenos.
  1534 | D:2      | Found Zexumm's Jewellery Shoppe.
  1540 | D:2      | Reached XP level 4. HP: 26/28 MP: 4/4
  1553 | D:2      | 1553 ||| SHOPLISTING +5 ring of evasion (468 gold, have
                  | 150).
  1553 | D:2      | 1553 ||| SHOPLISTING +6 ring of dexterity (468 gold, have
                  | 150).
  1553 | D:2      | 1553 ||| SHOPLISTING ring of ice (325 gold, have 150).
  1553 | D:2      | 1553 ||| SHOPLISTING ring of protection from fire (325
                  | gold, have 150).
  1553 | D:2      | 1553 ||| SHOPLISTING ring of the Final Decision {rF+ Int+4}
                  | (525 gold, have 150).
  1553 | D:2      | 1553 ||| SHOPLISTING ring of willpower (325 gold, have
                  | 150).
  1624 | D:2      | Identified the +1 spear of Sloth {heavy, rN++}
  1720 | D:2      | 1720 ||| UPGRADING to +5 ring of evasion.
  1721 | D:2      | 1721 ||| READING scroll labelled FANWEO FUIBUQA.
  1722 | D:2      | 1722 ||| READING 2 scrolls labelled JEREIV BETOS.
  1723 | D:2      | 1723 ||| READING scroll labelled DAOHOECOED.
  1724 | D:2      | 1724 ||| READING scroll labelled JIQIDEECKA.
  1728 | D:2      | 1728 ||| DROPPING scroll of poison.
  1936 | D:3      | 1936 ||| Stepping ~*~*~tactically~*~*~ (stealth).
  1937 | D:3      | 1937 ||| Stepping ~*~*~tactically~*~*~ (stealth).
  2121 | D:3      | 2121 ||| Stepping ~*~*~tactically~*~*~ (stealth).
  2123 | D:3      | 2123 ||| Stepping ~*~*~tactically~*~*~ (stealth).
  2130 | D:3      | 2130 ||| Stepping ~*~*~tactically~*~*~ (stealth).
  2139 | D:3      | Reached XP level 5. HP: 32/32 MP: 5/5
  2289 | D:3      | 2289 ||| DROPPING +0 whip.
  2614 | D:3      | 2614 ||| DROPPING +0 flail.
  2638 | D:3      | 2638 ||| READING 3 scrolls of identify.
  2638 | D:3      | 2638 ||| IDENTIFYING bubbling blue potion
  2639 | D:3      | 2639 ||| READING 2 scrolls of identify.
  2639 | D:3      | 2639 ||| IDENTIFYING smoky orange potion
  2692 | D:4      | 2692 ||| Stepping ~*~*~tactically~*~*~ (stealth).
  2894 | D:4      | 2894 ||| Stepping ~*~*~tactically~*~*~ (stealth).
  3122 | D:4      | 3122 ||| Stepping ~*~*~tactically~*~*~ (hiding).
  3130 | D:4      | Reached skill level 1 in Dodging
  3130 | D:4      | Reached XP level 6. HP: 38/38 MP: 6/6
  3656 | D:4      | 3656 ||| UPGRADING to amulet of reflection.
  3661 | D:4      | 3661 ||| READING scroll labelled IXKERHAUFO.
  3662 | D:4      | 3662 ||| READING 3 scrolls of identify.
  3662 | D:4      | 3662 ||| IDENTIFYING yellow potion
  3663 | D:4      | 3663 ||| READING 2 scrolls of identify.
  3663 | D:4      | 3663 ||| IDENTIFYING blue potion
  3679 | D:5      | Entered Level 5 of the Dungeon
  3679 | D:5      | Found a shimmering altar of Xom.
  3696 | D:5      | Reached skill level 6 in Axes
  3696 | D:5      | Reached XP level 7. HP: 36/43 MP: 7/7
  3882 | D:5      | Reached XP level 8. HP: 30/49 MP: 8/8
  3967 | D:5      | Found a staircase to the Ecumenical Temple.
  3968 | D:5      | 3968 ||| PLANNING TEMPLE
  3991 | Temple   | Entered the Ecumenical Temple
  3992 | Temple   | 3992 ||| PLANNING OKAWARU WORSHIP
  4111 | Temple   | Became a worshipper of Warmaster Okawaru
  4111 | Temple   | 4111 ||| PLANNING D:1-11
  4456 | D:6      | 4456 ||| Stepping ~*~*~tactically~*~*~ (stealth).
  4467 | D:6      | 4467 ||| Stepping ~*~*~tactically~*~*~ (stealth).
  4468 | D:6      | 4468 ||| Stepping ~*~*~tactically~*~*~ (stealth).
  4495 | D:6      | 4495 ||| Stepping ~*~*~tactically~*~*~ (stealth).
  4515 | D:6      | Reached skill level 6 in Fighting
  4639 | D:6      | Found an opulent altar of Gozag.
  4818 | D:6      | Identified the ring "Fadedoi" {Ice Str+4}
  4876 | D:6      | Reached * piety under Okawaru
  4903 | D:6      | 4903 ||| Stepping ~*~*~tactically~*~*~ (stealth).
  4918 | D:6      | Reached skill level 1 in Invocations
  5145 | D:6      | Found a radiant altar of Vehumet.
  5189 | D:6      | Reached skill level 9 in Axes
  5189 | D:6      | Reached XP level 9. HP: 55/55 MP: 10/10
  5189 | D:6      | Found a white marble altar of Elyvilon.
  5226 | D:6      | 5226 ||| UPGRADING to +0 plate armour.
  5236 | D:6      | 5236 ||| DROPPING +0 scale mail.
  5237 | D:6      | 5237 ||| DROPPING scarf of harm.
  5238 | D:6      | 5238 ||| DROPPING amulet of faith.
  5239 | D:6      | 5239 ||| UPGRADING to ring of resist corrosion.
  5240 | D:6      | 5240 ||| UPGRADING to ring "Fadedoi" {Ice Str+4}.
  5242 | D:6      | 5242 ||| READING scroll labelled TAIRRE NUSODE.
  5243 | D:6      | 5243 ||| READING 2 scrolls of identify.
  5243 | D:6      | 5243 ||| IDENTIFYING murky white potion
  5244 | D:6      | 5244 ||| DROPPING potion of flight.
  5280 | D:7      | 5280 ||| STAIRDANCE
  5283 | D:6      | Reached skill level 3 in Invocations
  5286 | D:6      | Reached skill level 4 in Armour
  5303 | D:7      | 5303 ||| Stepping ~*~*~tactically~*~*~ (stealth).
  5368 | D:7      | 5368 ||| Stepping ~*~*~tactically~*~*~ (stealth).
  5463 | D:7      | 5463 ||| INVOKING Heroism.
  5464 | D:7      | Noticed a boulder beetle
  5471 | D:7      | Reached ** piety under Okawaru
  5482 | D:7      | Killed a boulder beetle
  5483 | D:7      | Reached skill level 7 in Armour
  5644 | D:7      | 5644 ||| INVOKING Heroism.
  5645 | D:7      | 5645 ||| Stepping ~*~*~tactically~*~*~ (cloud).
  5647 | D:7      | 5647 ||| Stepping ~*~*~tactically~*~*~ (cloud).
  5924 | D:7      | 5924 ||| READING scroll labelled UDWOGA EDYGOW.
  6059 | D:8      | 6059 ||| Stepping ~*~*~tactically~*~*~ (stealth).
  6071 | D:8      | Reached XP level 10. HP: 51/63 MP: 13/13
  6072 | D:8      | 6072 ||| INVOKING Heroism.
  6166 | D:8      | Reached *** piety under Okawaru
  6199 | D:8      | 6199 ||| INVOKING Heroism.
  6258 | D:8      | 6258 ||| READING scroll labelled BEUWKI ARCHUEM.
  6555 | D:8      | 6555 ||| DRINKING potion of curing.
  6555 | D:8      | 6555 ||| (to cure confusion)
  6569 | D:8      | 6569 ||| INVOKING Heroism.
  6574 | D:8      | Found a glowing golden altar of the Shining One.
  6574 | D:8      | Found a sacrificial altar of Ru.
  6678 | D:8      | Found an ancient bone altar of Kikubaaqudgha.
  6713 | D:8      | Noticed Pikel
  6738 | D:8      | Killed Pikel
  7184 | D:8      | 7184 ||| INVOKING Heroism.
  7185 | D:8      | 7185 ||| DRINKING 2 fuming coppery potions.
  7186 | D:8      | 7186 ||| READING 4 scrolls of identify.
  7186 | D:8      | 7186 ||| IDENTIFYING bubbling black potion
  7187 | D:8      | 7187 ||| READING 3 scrolls of identify.
  7187 | D:8      | 7187 ||| IDENTIFYING glowing puce potion
  7188 | D:8      | 7188 ||| DROPPING potion of berserk rage.
  7189 | D:8      | 7189 ||| DROPPING potion of degeneration.
  7244 | D:8      | 7244 ||| INVOKING Heroism.
  7489 | D:9      | 7489 ||| INVOKING Heroism.
  7980 | D:9      | 7980 ||| INVOKING Heroism.
  7985 | D:9      | 7985 ||| Stepping ~*~*~tactically~*~*~ (cloud).
  7994 | D:9      | Reached skill level 9 in Fighting
  8055 | D:9      | Reached XP level 11. HP: 70/71 MP: 14/14
  8057 | D:9      | Reached **** piety under Okawaru
  8185 | D:9      | Found a shadowy altar of Dithmenos.
  8412 | D:9      | Noticed a two-headed ogre
  8413 | D:9      | 8413 ||| INVOKING Heroism.
  8423 | D:9      | Killed a two-headed ogre
  8424 | D:9      | Reached skill level 8 in Armour
  8622 | D:9      | 8622 ||| READING 2 scrolls labelled XEONA QIAHA.
  8623 | D:9      | 8623 ||| DROPPING scroll of butterflies.
  8661 | D:10     | Entered Level 10 of the Dungeon
  8670 | D:10     | 8670 ||| INVOKING Heroism.
  8685 | D:10     | 8685 ||| INVOKING Heroism.
  8690 | D:10     | Reached skill level 6 in Invocations
  8794 | D:10     | 8794 ||| READING scroll of enchant weapon.
  8794 | D:10     | 8794 ||| ENCHANTING +1 war axe of freezing.
  8830 | D:10     | 8830 ||| INVOKING Heroism.
  8931 | D:10     | 8931 ||| INVOKING Heroism.
  9094 | D:10     | Found a staircase to the Lair.
  9173 | D:10     | Noticed a two-headed ogre
  9174 | D:10     | 9174 ||| INVOKING Heroism.
  9179 | D:10     | Killed a two-headed ogre
  9304 | D:10     | 9304 ||| Stepping ~*~*~tactically~*~*~ (hiding).
  9305 | D:10     | 9305 ||| Stepping ~*~*~tactically~*~*~ (hiding).
  9322 | D:10     | 9322 ||| Stepping ~*~*~tactically~*~*~ (stealth).
  9403 | D:10     | Found a staircase to the Orcish Mines.
  9498 | D:10     | 9498 ||| PLANNING LAIR
  9498 | D:10     | 9498 ||| UPGRADING to +2 kite shield.
  9508 | D:10     | 9508 ||| DROPPING +0 buckler.
  9509 | D:10     | 9509 ||| READING 4 scrolls of identify.
  9509 | D:10     | 9509 ||| IDENTIFYING smoky golden potion
  9510 | D:10     | 9510 ||| DROPPING potion of brilliance.
  9575 | Lair:1   | Entered Level 1 of the Lair of Beasts
  9575 | Lair:1   | Noticed Harold
  9576 | Lair:1   | 9576 ||| Stepping ~*~*~tactically~*~*~ (hiding).
  9578 | Lair:1   | 9578 ||| Stepping ~*~*~tactically~*~*~ (hiding).
  9578 | Lair:1   | Found the +18 shield of the Gong {Loud rN+ Will+ rCorr
                  | EV-5}
  9581 | Lair:1   | 9581 ||| INVOKING Heroism.
  9587 | Lair:1   | Killed Harold
  9607 | Lair:1   | 9607 ||| INVOKING Heroism.
  9623 | Lair:1   | Reached skill level 6 in Shields
  9642 | Lair:1   | 9642 ||| INVOKING Heroism.
  9651 | Lair:1   | Received a gift from Okawaru
  9725 | Lair:1   | Noticed Nergalle
  9726 | Lair:1   | 9726 ||| INVOKING Heroism.
  9742 | Lair:1   | Killed Nergalle
  9743 | Lair:1   | Reached skill level 1 in Throwing
  9743 | Lair:1   | Reached XP level 12. HP: 64/76 MP: 18/18
 10351 | Lair:1   | Reached skill level 9 in Invocations
 10487 | Lair:1   | 10487 ||| UPGRADING to +18 shield of the Gong {Loud rN+
                  | Will+ rCorr EV-5}.
 10497 | Lair:1   | 10497 ||| DROPPING +2 kite shield.
 10498 | Lair:1   | 10498 ||| DROPPING +6 ring of intelligence.
 10499 | Lair:1   | 10499 ||| UPGRADING to ring of willpower.
 10501 | Lair:1   | 10501 ||| READING 5 scrolls of identify.
 10501 | Lair:1   | 10501 ||| IDENTIFYING amethyst potion
 10509 | Lair:2   | 10509 ||| PLANNING GAUNTLET
 10549 | Lair:2   | 10549 ||| INVOKING Heroism.
 10574 | Lair:2   | Reached ***** piety under Okawaru
 10582 | Lair:2   | 10582 ||| INVOKING Heroism.
 10623 | Lair:2   | 10623 ||| INVOKING Heroism.
 10634 | Lair:2   | Received a gift from Okawaru
 10640 | Lair:2   | Reached skill level 9 in Shields
 10769 | Lair:2   | Found a hole to the Spider Nest.
 11034 | Lair:2   | 11034 ||| RIP GAUNTLET
 11058 | Lair:2   | 11058 ||| PLANNING LAIR
 11217 | Lair:2   | 11217 ||| UPGRADING to ring of see invisible.
 11273 | Lair:3   | Noticed a boulder beetle
 11274 | Lair:3   | 11274 ||| INVOKING Heroism.
 11275 | Lair:3   | 11275 ||| INVOKING Finesse.
 11285 | Lair:3   | Reached skill level 12 in Axes
 11302 | Lair:3   | Killed a boulder beetle
 11351 | Lair:3   | 11351 ||| Stepping ~*~*~tactically~*~*~ (stealth).
 11352 | Lair:3   | 11352 ||| Stepping ~*~*~tactically~*~*~ (stealth).
 11397 | Lair:3   | Found a staircase to the Shoals.
 11400 | Lair:3   | Found a runed translucent door.
 11403 | Lair:3   | Found a shimmering altar of Xom.
 11403 | Lair:3   | Identified the +5 rapier of Calculation {chaos, +Blink rC-
                  | MP+9 Dex+5}
 11403 | Lair:3   | Noticed a +5 rapier of Calculation {chaos, +Blink rC- MP+9
                  | Dex+5}
 11404 | Lair:3   | Noticed qw's ghost (journeyman GrCA)
 11512 | Lair:3   | Noticed Amaemon
 11513 | Lair:3   | 11513 ||| Stepping ~*~*~tactically~*~*~ (hiding).
 11515 | Lair:3   | 11515 ||| Stepping ~*~*~tactically~*~*~ (hiding).
 11516 | Lair:3   | 11516 ||| Stepping ~*~*~tactically~*~*~ (hiding).
 11517 | Lair:3   | 11517 ||| INVOKING Heroism.
 11530 | Lair:3   | Killed Amaemon
 11530 | Lair:3   | Received a gift from Okawaru
 11531 | Lair:3   | Reached skill level 3 in Throwing
 11531 | Lair:3   | Reached XP level 13. HP: 79/80 MP: 18/20
 11540 | Lair:3   | Reached skill level 9 in Armour
 11549 | Lair:3   | 11549 ||| DROPPING +0 flail of protection.
 11575 | Lair:3   | 11575 ||| INVOKING Heroism.
 11961 | Lair:3   | Identified the +3 rapier of Indomitability {speed, rC++
                  | Dex+3}
 12238 | Lair:4   | 12238 ||| READING scroll of enchant weapon.
 12238 | Lair:4   | 12238 ||| ENCHANTING +2 war axe of freezing.
 12281 | Lair:4   | 12281 ||| INVOKING Heroism.
 12282 | Lair:4   | 12282 ||| INVOKING Finesse.
 12349 | Lair:4   | 12349 ||| INVOKING Heroism.
 12350 | Lair:4   | 12350 ||| INVOKING Finesse.
 12351 | Lair:4   | 12351 ||| SWAPPING to -2 demon whip of venom.
 12364 | Lair:4   | 12364 ||| SWAPPING to +3 war axe of freezing.
 12387 | Lair:4   | 12387 ||| Stepping ~*~*~tactically~*~*~ (stealth).
 12408 | Lair:4   | 12408 ||| READING scroll of enchant weapon.
 12408 | Lair:4   | 12408 ||| ENCHANTING +3 war axe of freezing.
 12447 | Lair:4   | 12447 ||| Stepping ~*~*~tactically~*~*~ (stealth).
 12503 | Lair:4   | 12503 ||| INVOKING Heroism.
 12556 | Lair:4   | 12556 ||| INVOKING Heroism.
 13076 | Lair:4   | 13076 ||| READING 2 scrolls labelled VIASCH SECWIDIN.
 13077 | Lair:4   | 13077 ||| DROPPING scroll of vulnerability.
 13135 | Lair:5   | Entered Level 5 of the Lair of Beasts
 13140 | Lair:5   | 13140 ||| INVOKING Heroism.
 13174 | Lair:5   | Received a gift from Okawaru
 13193 | Lair:5   | 13193 ||| INVOKING Heroism.
 13204 | Lair:5   | 13204 ||| INVOKING Finesse.
 13214 | Lair:5   | 13214 ||| INVOKING Heroism.
 13231 | Lair:5   | 13231 ||| Stepping ~*~*~tactically~*~*~ (stealth).
 13232 | Lair:5   | 13232 ||| Stepping ~*~*~tactically~*~*~ (stealth).
 13233 | Lair:5   | 13233 ||| Stepping ~*~*~tactically~*~*~ (stealth).
 13235 | Lair:5   | 13235 ||| Stepping ~*~*~tactically~*~*~ (stealth).
 13275 | Lair:5   | 13275 ||| INVOKING Heroism.
 13276 | Lair:5   | 13276 ||| INVOKING Finesse.
 13526 | Lair:5   | Found a runed translucent gate.
 13527 | Lair:5   | Found a runed translucent gate.
 13528 | Lair:5   | Noticed qw's ghost (journeyman GrCA)
 13531 | Lair:5   | Found a runed translucent gate.
 13567 | Lair:5   | 13567 ||| Stepping ~*~*~tactically~*~*~ (hiding).
 13571 | Lair:5   | 13571 ||| INVOKING Heroism.
 13611 | Lair:5   | 13611 ||| Stepping ~*~*~tactically~*~*~ (stealth).
 13619 | Lair:5   | 13619 ||| Stepping ~*~*~tactically~*~*~ (stealth).
 13621 | Lair:5   | 13621 ||| INVOKING Heroism.
 13622 | Lair:5   | 13622 ||| INVOKING Finesse.
 13627 | Lair:5   | Received a gift from Okawaru
 13666 | Lair:5   | 13666 ||| SWAPPING to +1 broad axe of venom.
 13667 | Lair:5   | 13667 ||| DROPPING +4 war axe of freezing.
 13670 | Lair:5   | 13670 ||| READING scroll of enchant armour.
 13670 | Lair:5   | 13670 ||| ENCHANTING +0 cloak.
 13735 | Lair:5   | 13735 ||| Stepping ~*~*~tactically~*~*~ (stealth).
 13740 | Lair:5   | 13740 ||| INVOKING Heroism.
 13746 | Lair:5   | 13746 ||| INVOKING Finesse.
 13786 | Lair:5   | Found a staircase to the Slime Pits.
 13872 | Lair:5   | Gained mutation: Your large and strong wings let you fly.
                  | [Gargoyle growth]
 13872 | Lair:5   | Reached XP level 14. HP: 88/88 MP: 21/21
 13906 | Lair:5   | 13906 ||| INVOKING Heroism.
 13922 | Lair:5   | 13922 ||| Stepping ~*~*~tactically~*~*~ (stealth).
 13923 | Lair:5   | 13923 ||| Stepping ~*~*~tactically~*~*~ (stealth).
 13993 | Lair:5   | 13993 ||| Stepping ~*~*~tactically~*~*~ (stealth).
 13994 | Lair:5   | 13994 ||| Stepping ~*~*~tactically~*~*~ (stealth).
 14397 | Lair:5   | 14397 ||| PLANNING D:1-11
 14397 | Lair:5   | 14397 ||| UPGRADING to +0 pair of boots.
 14615 | D:11     | 14615 ||| INVOKING Heroism.
 14816 | D:11     | 14816 ||| Stepping ~*~*~tactically~*~*~ (stealth).
 14819 | D:11     | Noticed Grum
 14820 | D:11     | 14820 ||| INVOKING Heroism.
 14823 | D:11     | Reached skill level 10 in Armour
 14832 | D:11     | Killed Grum
 15257 | D:11     | 15257 ||| READING scroll of enchant weapon.
 15257 | D:11     | 15257 ||| ENCHANTING +1 broad axe of venom.
 15412 | D:11     | 15412 ||| PLANNING D
 15412 | D:11     | 15412 ||| READING scroll labelled CITWUTHRE BYNU.
 15540 | D:12     | Noticed Josephine
 15541 | D:12     | 15541 ||| Stepping ~*~*~tactically~*~*~ (stealth).
 15560 | D:12     | Killed Josephine
 15584 | D:12     | Reached skill level 12 in Shields
 15654 | D:12     | 15654 ||| READING scroll of enchant armour.
 15654 | D:12     | 15654 ||| ENCHANTING +0 pair of boots.
 15770 | D:12     | 15770 ||| Stepping ~*~*~tactically~*~*~ (stealth).
 15949 | D:12     | 15949 ||| Stepping ~*~*~tactically~*~*~ (stealth).
 15957 | D:12     | Received a gift from Okawaru
 15986 | D:12     | 15986 ||| INVOKING Heroism.
 16092 | D:12     | Found Tyafadajolo's Armour Shop.
 16097 | D:12     | 16097 ||| Stepping ~*~*~tactically~*~*~ (stealth).
 16099 | D:12     | 16099 ||| Stepping ~*~*~tactically~*~*~ (hiding).
 16129 | D:12     | 16129 ||| Stepping ~*~*~tactically~*~*~ (stealth).
 16131 | D:12     | 16131 ||| BUYING +0 plate armour of fire resistance (420
                  | gold).
 16131 | D:12     | Bought a +0 plate armour of fire resistance for 420 gold
                  | pieces
 16131 | D:12     | 16131 ||| BUYING +3 chain mail of cold resistance (371
                  | gold).
 16131 | D:12     | Bought a +3 chain mail of cold resistance for 371 gold
                  | pieces
 16132 | D:12     | 16132 ||| Stepping ~*~*~tactically~*~*~ (stealth).
 16311 | D:12     | 16311 ||| UPGRADING to +0 plate armour of fire resistance.
 16321 | D:12     | 16321 ||| DROPPING +0 plate armour.
 16403 | D:13     | 16403 ||| Stepping ~*~*~tactically~*~*~ (hiding).
 16405 | D:13     | Noticed Urug
 16406 | D:13     | 16406 ||| INVOKING Heroism.
 16407 | D:13     | 16407 ||| INVOKING Finesse.
 16455 | D:13     | Killed Urug
 16476 | D:13     | Reached skill level 15 in Axes
 16495 | D:13     | Found a gate to the Vaults.
 16608 | D:13     | 16608 ||| Stepping ~*~*~tactically~*~*~ (hiding).
 16609 | D:13     | 16609 ||| Stepping ~*~*~tactically~*~*~ (hiding).
 16630 | D:13     | Received a gift from Okawaru
 16635 | D:13     | 16635 ||| INVOKING Heroism.
 16702 | D:13     | 16702 ||| Stepping ~*~*~tactically~*~*~ (stealth).
 16703 | D:13     | 16703 ||| INVOKING Heroism.
 16704 | D:13     | 16704 ||| INVOKING Finesse.
 16721 | D:13     | Noticed a sphinx
 16722 | D:13     | Noticed a vampire knight
 16729 | D:13     | Paralysed by a sphinx for 4 turns
 16734 | D:13     | Killed a sphinx
 16735 | D:13     | Reached skill level 11 in Armour
 16736 | D:13     | HP: 21/90 [vampire knight/+0 dire flail (5)]
 16737 | D:13     | 16737 ||| READING 9 scrolls of teleportation.
 16738 | D:13     | 16738 ||| DRINKING 4 potions of heal wounds.
 16905 | D:13     | Identified the ring of the Monkey {rElec rF- rC+ rN+ Int+3}
 16922 | D:13     | 16922 ||| INVOKING Heroism.
 16929 | D:13     | Noticed a storm dragon
 16930 | D:13     | Identified the +0 plate armour of Okawaru's Vengeance
                  | {Dex+4} (Okawaru gifted it to you on level 13 of the
                  | Dungeon)
 16930 | D:13     | Received a gift from Okawaru
 16945 | D:13     | Killed a storm dragon
 16946 | D:13     | Reached skill level 12 in Fighting
 16953 | D:13     | Killed a vampire knight
 16954 | D:13     | Reached XP level 15. HP: 55/96 MP: 22/22
 17048 | D:13     | 17048 ||| INVOKING Heroism.
 17074 | D:13     | 17074 ||| Stepping ~*~*~tactically~*~*~ (stealth).
 17100 | D:13     | 17100 ||| Stepping ~*~*~tactically~*~*~ (stealth).
 17101 | D:13     | 17101 ||| Stepping ~*~*~tactically~*~*~ (stealth).
 17103 | D:13     | 17103 ||| Stepping ~*~*~tactically~*~*~ (stealth).
 17105 | D:13     | 17105 ||| Stepping ~*~*~tactically~*~*~ (stealth).
 17112 | D:13     | 17112 ||| INVOKING Heroism.
 17113 | D:13     | 17113 ||| INVOKING Finesse.
 17257 | D:13     | 17257 ||| INVOKING Heroism.
 17269 | D:13     | 17269 ||| Stepping ~*~*~tactically~*~*~ (hiding).
 17303 | D:13     | 17303 ||| INVOKING Heroism.
 17457 | D:13     | Found the +8 Vampire's Tooth {megavamp}
 17951 | D:13     | 17951 ||| DROPPING +2 chain mail of fire resistance.
 17952 | D:13     | 17952 ||| DROPPING ring of ice.
 18021 | D:14     | 18021 ||| INVOKING Heroism.
 18022 | D:14     | 18022 ||| INVOKING Finesse.
 18027 | D:14     | 18027 ||| SWAPPING to -2 demon whip of venom.
 18031 | D:14     | 18031 ||| SWAPPING to +2 broad axe of venom.
 18116 | D:14     | Noticed Jorgrun
 18117 | D:14     | 18117 ||| INVOKING Heroism.
 18137 | D:14     | Killed Jorgrun
 18698 | D:14     | 18698 ||| DROPPING amulet of guardian spirit.
 18746 | D:15     | Entered Level 15 of the Dungeon
 18827 | D:15     | Found an iron altar of Okawaru.
 18851 | D:15     | 18851 ||| Stepping ~*~*~tactically~*~*~ (hiding).
 18853 | D:15     | 18853 ||| Stepping ~*~*~tactically~*~*~ (hiding).
 18869 | D:15     | 18869 ||| INVOKING Heroism.
 18892 | D:15     | 18892 ||| SWAPPING to -2 demon whip of venom.
 18900 | D:15     | 18900 ||| SWAPPING to +2 broad axe of venom.
 18921 | D:15     | 18921 ||| INVOKING Heroism.
 18922 | D:15     | 18922 ||| INVOKING Finesse.
 18929 | D:15     | 18929 ||| SWAPPING to -2 demon whip of venom.
 18932 | D:15     | 18932 ||| SWAPPING to +2 broad axe of venom.
 18947 | D:15     | 18947 ||| Stepping ~*~*~tactically~*~*~ (stealth).
 18990 | D:15     | 18990 ||| Stepping ~*~*~tactically~*~*~ (stealth).
 18992 | D:15     | 18992 ||| Stepping ~*~*~tactically~*~*~ (stealth).
 18995 | D:15     | 18995 ||| Stepping ~*~*~tactically~*~*~ (hiding).
 19002 | D:15     | 19002 ||| INVOKING Heroism.
 19016 | D:15     | 19016 ||| SWAPPING to -2 demon whip of venom.
 19031 | D:15     | 19031 ||| SWAPPING to +2 broad axe of venom.
 19040 | D:15     | 19040 ||| INVOKING Heroism.
 19043 | D:15     | Reached skill level 3 in Dodging
 19414 | D:15     | 19414 ||| INVOKING Heroism.
 19430 | D:15     | 19430 ||| SWAPPING to -2 demon whip of venom.
 19442 | D:15     | 19442 ||| SWAPPING to +2 broad axe of venom.
 19458 | D:15     | 19458 ||| INVOKING Heroism.
 19464 | D:15     | 19464 ||| INVOKING Finesse.
 19473 | D:15     | 19473 ||| SWAPPING to -2 demon whip of venom.
 19486 | D:15     | Reached skill level 12 in Armour
 19486 | D:15     | 19486 ||| SWAPPING to +2 broad axe of venom.
 19496 | D:15     | 19496 ||| INVOKING Heroism.
 19506 | D:15     | Received a gift from Okawaru
 19641 | D:15     | 19641 ||| Stepping ~*~*~tactically~*~*~ (hiding).
 19674 | D:14     | Noticed Azrael
 19675 | D:14     | 19675 ||| INVOKING Heroism.
 19691 | D:14     | Reached skill level 6 in Throwing
 19696 | D:14     | Killed Azrael
 19711 | D:14     | 19711 ||| INVOKING Heroism.
 20068 | D:15     | Found a staircase to the Depths.
 20543 | D:15     | 20543 ||| PLANNING ORC
 20685 | Orc:1    | Entered Level 1 of the Orcish Mines
 20689 | Orc:1    | 20689 ||| Stepping ~*~*~tactically~*~*~ (stealth).
 20692 | Orc:1    | 20692 ||| Stepping ~*~*~tactically~*~*~ (stealth).
 20693 | Orc:1    | 20693 ||| Stepping ~*~*~tactically~*~*~ (stealth).
 20725 | Orc:1    | 20725 ||| INVOKING Heroism.
 20758 | Orc:1    | 20758 ||| Stepping ~*~*~tactically~*~*~ (hiding).
 20759 | Orc:1    | 20759 ||| Stepping ~*~*~tactically~*~*~ (hiding).
 20769 | Orc:1    | 20769 ||| INVOKING Heroism.
 20772 | Orc:1    | Received a gift from Okawaru
 20773 | Orc:1    | Reached XP level 16. HP: 88/101 MP: 20/23
 20841 | Orc:1    | 20841 ||| Stepping ~*~*~tactically~*~*~ (hiding).
 20919 | Orc:1    | Found Fuhuufi's Antique Weapon Boutique.
 21148 | Orc:2    | Entered Level 2 of the Orcish Mines
 21174 | Orc:2    | 21174 ||| Stepping ~*~*~tactically~*~*~ (stealth).
 21176 | Orc:2    | 21176 ||| Stepping ~*~*~tactically~*~*~ (hiding).
 21189 | Orc:2    | 21189 ||| INVOKING Heroism.
 21192 | Orc:2    | 21192 ||| Stepping ~*~*~tactically~*~*~ (hiding).
 21240 | Orc:2    | 21240 ||| Stepping ~*~*~tactically~*~*~ (stealth).
 21241 | Orc:2    | 21241 ||| Stepping ~*~*~tactically~*~*~ (stealth).
 21242 | Orc:2    | 21242 ||| Stepping ~*~*~tactically~*~*~ (stealth).
 21244 | Orc:2    | 21244 ||| Stepping ~*~*~tactically~*~*~ (hiding).
 21464 | Orc:2    | 21464 ||| Stepping ~*~*~tactically~*~*~ (stealth).
 21469 | Orc:2    | 21469 ||| Stepping ~*~*~tactically~*~*~ (stealth).
 21470 | Orc:2    | 21470 ||| INVOKING Heroism.
 21544 | Orc:2    | Found Xuago's Magic Scroll Emporium.
 21552 | Orc:2    | Found Jemmiveyg's General Store.
 21570 | Orc:2    | 21570 ||| Stepping ~*~*~tactically~*~*~ (hiding).
 21571 | Orc:2    | 21571 ||| Stepping ~*~*~tactically~*~*~ (hiding).
 21687 | Orc:2    | 21687 ||| BUYING scroll of enchant armour (105 gold).
 21687 | Orc:2    | Bought a scroll of enchant armour for 105 gold pieces
 21687 | Orc:2    | 21687 ||| BUYING scroll of teleportation (42 gold).
 21687 | Orc:2    | Bought a scroll of teleportation for 42 gold pieces
 21687 | Orc:2    | 21687 ||| READING scroll of enchant armour.
 21687 | Orc:2    | 21687 ||| ENCHANTING +0 plate armour of fire resistance.
 21690 | Orc:2    | 21690 ||| BUYING potion of cancellation (112 gold).
 21690 | Orc:2    | Bought a potion of cancellation for 112 gold pieces
 21690 | Orc:2    | 21690 ||| BUYING scroll of brand weapon (133 gold).
 21690 | Orc:2    | Bought a scroll of brand weapon for 133 gold pieces
 21690 | Orc:2    | 21690 ||| READING scroll of brand weapon.
 21690 | Orc:2    | 21690 ||| BRANDING +2 broad axe of venom.
 21696 | Orc:2    | 21696 ||| Stepping ~*~*~tactically~*~*~ (hiding).
 21721 | Orc:2    | 21721 ||| INVOKING Heroism.
 21808 | Orc:2    | 21808 ||| Stepping ~*~*~tactically~*~*~ (hiding).
 21898 | Orc:2    | 21898 ||| Stepping ~*~*~tactically~*~*~ (stealth).
 21918 | Orc:2    | 21918 ||| Stepping ~*~*~tactically~*~*~ (hiding).
 21919 | Orc:2    | 21919 ||| Stepping ~*~*~tactically~*~*~ (stealth).
 22067 | Orc:2    | 22067 ||| Stepping ~*~*~tactically~*~*~ (hiding).
 22068 | Orc:2    | 22068 ||| INVOKING Heroism.
 22095 | Orc:2    | Received a gift from Okawaru
 22108 | Orc:2    | 22108 ||| INVOKING Heroism.
 22183 | Orc:2    | 22183 ||| Stepping ~*~*~tactically~*~*~ (hiding).
 22187 | Orc:2    | 22187 ||| INVOKING Heroism.
 22234 | Orc:2    | Found a staircase to the Elven Halls.
 22473 | Orc:2    | 22473 ||| Stepping ~*~*~tactically~*~*~ (stealth).
 22475 | Orc:2    | 22475 ||| Stepping ~*~*~tactically~*~*~ (hiding).
 22480 | Orc:2    | 22480 ||| INVOKING Heroism.
 22533 | Orc:2    | 22533 ||| INVOKING Heroism.
 22535 | Orc:2    | 22535 ||| Stepping ~*~*~tactically~*~*~ (hiding).
 22554 | Orc:2    | Found Haoty's Antique Weapon Shop.
 22554 | Orc:2    | Found Orun Ome's Book Boutique.
 22555 | Orc:2    | Found a one-way gate leading to the halls of Pandemonium.
 22557 | Orc:2    | 22557 ||| BUYING glowing morningstar (196 gold).
 22557 | Orc:2    | Bought a glowing morningstar for 196 gold pieces
 22557 | Orc:2    | 22557 ||| DROPPING +1 morningstar of venom.
 22563 | Orc:2    | 22563 ||| DROPPING +3 chain mail of cold resistance.
 22628 | Orc:2    | 22628 ||| PLANNING SHOALS:1-3
 22792 | Shoals:1 | Entered Level 1 of the Shoals
 22856 | Shoals:1 | 22856 ||| INVOKING Heroism.
 23037 | Shoals:1 | 23037 ||| INVOKING Heroism.
 23185 | Shoals:1 | 23185 ||| READING scroll of brand weapon.
 23185 | Shoals:1 | 23185 ||| BRANDING +2 broad axe of chaos.
 23200 | Shoals:1 | 23200 ||| READING scroll of enchant weapon.
 23200 | Shoals:1 | 23200 ||| ENCHANTING +2 broad axe of freezing.
 23483 | Shoals:1 | 23483 ||| INVOKING Heroism.
 23487 | Shoals:1 | HP: 22/104 [water nymph/the raging water (15)]
 23488 | Shoals:1 | 23488 ||| READING 10 scrolls of teleportation.
 23489 | Shoals:1 | 23489 ||| DRINKING 6 potions of heal wounds.
 23841 | Shoals:1 | 23841 ||| Stepping ~*~*~tactically~*~*~ (hiding).
 23847 | Shoals:1 | 23847 ||| INVOKING Heroism.
 23851 | Shoals:1 | 23851 ||| Stepping ~*~*~tactically~*~*~ (stealth).
 23898 | Shoals:1 | 23898 ||| Stepping ~*~*~tactically~*~*~ (stealth).
 23963 | Shoals:1 | Identified the staff of cold "Oneonyis" {rC+ Dex+2}
 23967 | Shoals:1 | 23967 ||| READING 13 scrolls of identify.
 23967 | Shoals:1 | 23967 ||| IDENTIFYING brown potion
 23968 | Shoals:1 | 23968 ||| DROPPING potion of invisibility.
 24025 | Shoals:2 | 24025 ||| Stepping ~*~*~tactically~*~*~ (hiding).
 24027 | Shoals:2 | 24027 ||| INVOKING Heroism.
 24113 | Shoals:2 | 24113 ||| INVOKING Heroism.
 24161 | Shoals:2 | Received a gift from Okawaru
 24403 | Shoals:2 | 24403 ||| INVOKING Heroism.
 24725 | Shoals:2 | Noticed qw's ghost (adept GrFi)
 24726 | Shoals:2 | Noticed a kraken
 24734 | Shoals:2 | Found a transporter.
 24738 | Shoals:2 | Found a transporter.
 24817 | Shoals:3 | 24817 ||| INVOKING Heroism.
 24857 | Shoals:3 | Reached skill level 18 in Axes
 24869 | Shoals:3 | 24869 ||| INVOKING Heroism.
 25039 | Shoals:3 | Identified Roxanne's Folio of the Gargoyle
 25039 | Shoals:3 | Noticed Roxanne
 25040 | Shoals:3 | 25040 ||| INVOKING Heroism.
 25041 | Shoals:3 | 25041 ||| INVOKING Finesse.
 25055 | Shoals:3 | Killed Roxanne
 25106 | Shoals:3 | Identified the +1 morningstar of Tenacity {freeze, Int+2}
 25108 | Shoals:3 | 25108 ||| DROPPING +1 morningstar of Tenacity {freeze,
                  | Int+2}.
 25117 | Shoals:3 | 25117 ||| Stepping ~*~*~tactically~*~*~ (stealth).
 25118 | Shoals:3 | 25118 ||| Stepping ~*~*~tactically~*~*~ (stealth).
 25119 | Shoals:3 | 25119 ||| Stepping ~*~*~tactically~*~*~ (stealth).
 25120 | Shoals:3 | 25120 ||| Stepping ~*~*~tactically~*~*~ (stealth).
 25122 | Shoals:3 | 25122 ||| INVOKING Heroism.
 25129 | Shoals:3 | Reached XP level 17. HP: 97/108 MP: 22/24
 25190 | Shoals:3 | 25190 ||| READING 3 scrolls of enchant armour.
 25190 | Shoals:3 | 25190 ||| ENCHANTING +1 plate armour of fire resistance.
 25191 | Shoals:3 | 25191 ||| READING 2 scrolls of enchant armour.
 25191 | Shoals:3 | 25191 ||| ENCHANTING +2 plate armour of fire resistance.
 25192 | Shoals:3 | 25192 ||| READING scroll of enchant armour.
 25192 | Shoals:3 | 25192 ||| ENCHANTING +3 plate armour of fire resistance.
 25425 | Shoals:3 | Found Tasuguh's Book Shoppe.
 25784 | Shoals:3 | 25784 ||| PLANNING SPIDER:1-3
 25784 | Shoals:3 | 25784 ||| DROPPING +0 plate armour of Okawaru's Vengeance
                  | {Dex+4}.
 25785 | Shoals:3 | 25785 ||| READING 14 scrolls of identify.
 25785 | Shoals:3 | 25785 ||| IDENTIFYING cyan potion
 25906 | Spider:1 | Entered Level 1 of the Spider Nest
 25945 | Spider:1 | 25945 ||| READING scroll of enchant weapon.
 25945 | Spider:1 | 25945 ||| ENCHANTING +3 broad axe of freezing.
 26040 | Spider:1 | Noticed Frances
 26041 | Spider:1 | 26041 ||| INVOKING Heroism.
 26053 | Spider:1 | Killed Frances
 26063 | Spider:1 | Identified the +8 flail of the People {freeze, rF+ Will-
                  | Int+2 Stlth+}
 26096 | Spider:1 | 26096 ||| Stepping ~*~*~tactically~*~*~ (stealth).
 26137 | Spider:1 | Received a gift from Okawaru
 26138 | Spider:1 | Reached skill level 13 in Armour
 26143 | Spider:1 | 26143 ||| INVOKING Heroism.
 26437 | Spider:2 | 26437 ||| INVOKING Heroism.
 26459 | Spider:2 | 26459 ||| INVOKING Finesse.
 26593 | Spider:2 | 26593 ||| INVOKING Finesse.
 26619 | Spider:2 | 26619 ||| Stepping ~*~*~tactically~*~*~ (hiding).
 26620 | Spider:2 | 26620 ||| Stepping ~*~*~tactically~*~*~ (hiding).
 26925 | Spider:2 | Found a transporter.
 26948 | Spider:2 | Noticed Beorghan's ghost (adept MiBe)
 26959 | Spider:2 | Found a transporter.
 27274 | Spider:3 | 27274 ||| INVOKING Finesse.
 27339 | Spider:3 | Received a gift from Okawaru
 27388 | Spider:3 | 27388 ||| INVOKING Heroism.
 27399 | Spider:3 | 27399 ||| Stepping ~*~*~tactically~*~*~ (stealth).
 27427 | Spider:3 | 27427 ||| Stepping ~*~*~tactically~*~*~ (hiding).
 27428 | Spider:3 | 27428 ||| Stepping ~*~*~tactically~*~*~ (hiding).
 27429 | Spider:3 | 27429 ||| Stepping ~*~*~tactically~*~*~ (hiding).
 27430 | Spider:3 | 27430 ||| INVOKING Heroism.
 27675 | Spider:3 | 27675 ||| Stepping ~*~*~tactically~*~*~ (stealth).
 27679 | Spider:3 | 27679 ||| Stepping ~*~*~tactically~*~*~ (stealth).
 27710 | Spider:3 | 27710 ||| DRINKING 4 potions of cancellation.
 27711 | Spider:3 | 27711 ||| INVOKING Heroism.
 27719 | Spider:3 | Reached skill level 15 in Fighting
 27849 | Spider:3 | 27849 ||| Stepping ~*~*~tactically~*~*~ (stealth).
 27852 | Spider:3 | Received a gift from Okawaru
 27943 | Spider:3 | 27943 ||| READING scroll of enchant armour.
 27943 | Spider:3 | 27943 ||| ENCHANTING +4 plate armour of fire resistance.
 28145 | Spider:3 | 28145 ||| INVOKING Heroism.
 28647 | Spider:3 | 28647 ||| PLANNING SHOALS:4
 28778 | Shoals:4 | Entered Level 4 of the Shoals
 28778 | Shoals:4 | Found Wouwoh's Assorted Antiques.
 28793 | Shoals:4 | 28793 ||| INVOKING Heroism.
 28806 | Shoals:4 | Noticed Aizul
 28812 | Shoals:4 | HP: 18/113 [wind drake/the air (22)]
 28813 | Shoals:4 | 28813 ||| READING 11 scrolls of teleportation.
 28814 | Shoals:4 | 28814 ||| DRINKING 5 potions of heal wounds.
 28826 | Shoals:4 | 28826 ||| INVOKING Heroism.
 28854 | Shoals:4 | Killed Aizul
 28872 | Shoals:4 | Received a gift from Okawaru
 28873 | Shoals:4 | Reached skill level 14 in Armour
 28873 | Shoals:4 | 28873 ||| INVOKING Heroism.
 28913 | Shoals:4 | 28913 ||| INVOKING Heroism.
 28934 | Shoals:4 | 28934 ||| INVOKING Heroism.
 29009 | Shoals:4 | 29009 ||| Stepping ~*~*~tactically~*~*~ (stealth).
 29010 | Shoals:4 | 29010 ||| Stepping ~*~*~tactically~*~*~ (stealth).
 29013 | Shoals:4 | 29013 ||| Stepping ~*~*~tactically~*~*~ (stealth).
 29014 | Shoals:4 | 29014 ||| INVOKING Heroism.
 29041 | Shoals:4 | 29041 ||| Stepping ~*~*~tactically~*~*~ (hiding).
 29042 | Shoals:4 | 29042 ||| Stepping ~*~*~tactically~*~*~ (hiding).
 29049 | Shoals:4 | 29049 ||| INVOKING Heroism.
 29095 | Shoals:4 | 29095 ||| Stepping ~*~*~tactically~*~*~ (hiding).
 29098 | Shoals:4 | Noticed Bai Suzhen
 29099 | Shoals:4 | Noticed Polyphemus
 29103 | Shoals:4 | HP: 28/113 [catoblepas/blast of calcifying dust[Polyphemus]
                  | (7)]
 29104 | Shoals:4 | 29104 ||| READING 10 scrolls of teleportation.
 29250 | Shoals:4 | 29250 ||| INVOKING Heroism.
 29293 | Shoals:4 | Killed Polyphemus
 29313 | Shoals:4 | Noticed Kirke
 29347 | Shoals:4 | Noticed a sphinx
 29351 | Shoals:4 | Killed Kirke
 29352 | Shoals:4 | Reached skill level 15 in Shields
 29352 | Shoals:4 | Reached XP level 18. HP: 109/119 MP: 25/25
 29377 | Shoals:4 | 29377 ||| DROPPING -2 demon whip of venom.
 29387 | Shoals:4 | 29387 ||| Stepping ~*~*~tactically~*~*~ (stealth).
 29416 | Shoals:4 | 29416 ||| INVOKING Heroism.
 29437 | Shoals:4 | 29437 ||| Stepping ~*~*~tactically~*~*~ (stealth).
 29439 | Shoals:4 | 29439 ||| Stepping ~*~*~tactically~*~*~ (hiding).
 29460 | Shoals:4 | Found an iron altar of Okawaru.
 29493 | Shoals:4 | 29493 ||| INVOKING Heroism.
 29508 | Shoals:4 | 29508 ||| Stepping ~*~*~tactically~*~*~ (stealth).
 29525 | Shoals:4 | Killed Bai Suzhen
 29532 | Shoals:4 | Found an iron altar of Okawaru.
 29554 | Shoals:4 | 29554 ||| INVOKING Heroism.
 30039 | Shoals:4 | Found Yhairemm's Armour Shoppe.
 30318 | Shoals:4 | Got a barnacled rune of Zot
 30356 | Shoals:4 | 30356 ||| PLANNING VAULTS:1-4
 30356 | Shoals:4 | 30356 ||| UPGRADING to +1 gold dragon scales.
 30366 | Shoals:4 | 30366 ||| DROPPING +1 plate armour of cold resistance.
 30586 | Vaults:1 | Entered Level 1 of the Vaults
 30623 | Vaults:1 | 30623 ||| Stepping ~*~*~tactically~*~*~ (hiding).
 30624 | Vaults:1 | 30624 ||| Stepping ~*~*~tactically~*~*~ (hiding).
 30668 | Vaults:1 | 30668 ||| Stepping ~*~*~tactically~*~*~ (hiding).
 30670 | Vaults:1 | 30670 ||| Stepping ~*~*~tactically~*~*~ (stealth).
 30766 | Vaults:1 | Received a gift from Okawaru
 30775 | Vaults:1 | Reached skill level 15 in Armour
 30775 | Vaults:1 | 30775 ||| INVOKING Heroism.
 30778 | Vaults:1 | 30778 ||| Stepping ~*~*~tactically~*~*~ (hiding).
 30785 | Vaults:1 | 30785 ||| Stepping ~*~*~tactically~*~*~ (hiding).
 30787 | Vaults:1 | 30787 ||| Stepping ~*~*~tactically~*~*~ (hiding).
 30801 | Vaults:1 | Received a gift from Okawaru
 30802 | Vaults:1 | 30802 ||| Stepping ~*~*~tactically~*~*~ (hiding).
 30803 | Vaults:1 | 30803 ||| Stepping ~*~*~tactically~*~*~ (hiding).
 31073 | Vaults:1 | 31073 ||| Stepping ~*~*~tactically~*~*~ (stealth).
 31074 | Vaults:1 | 31074 ||| Stepping ~*~*~tactically~*~*~ (stealth).
 31083 | Vaults:1 | 31083 ||| Stepping ~*~*~tactically~*~*~ (hiding).
 31194 | Vaults:1 | 31194 ||| INVOKING Heroism.
 31207 | Vaults:1 | 31207 ||| Stepping ~*~*~tactically~*~*~ (hiding).
 31208 | Vaults:1 | 31208 ||| Stepping ~*~*~tactically~*~*~ (hiding).
 31209 | Vaults:1 | 31209 ||| Stepping ~*~*~tactically~*~*~ (hiding).
 31210 | Vaults:1 | 31210 ||| Stepping ~*~*~tactically~*~*~ (hiding).
 31278 | Vaults:1 | Identified the +3 leather armour of the Known World {rC+
                  | Will- Int+3}
 31385 | Vaults:1 | You are sucked into a shaft and drop 1 floor!
 31409 | Vaults:2 | 31409 ||| Stepping ~*~*~tactically~*~*~ (hiding).
 31422 | Vaults:2 | 31422 ||| INVOKING Heroism.
 31424 | Vaults:2 | Reached skill level 16 in Armour
 31466 | Vaults:2 | Received a gift from Okawaru
 31468 | Vaults:2 | 31468 ||| INVOKING Heroism.
 31482 | Vaults:2 | Received a gift from Okawaru
 31485 | Vaults:2 | HP: 19/120 [deep troll[an ironbound preserver] (15)]
 31486 | Vaults:2 | 31486 ||| READING 9 scrolls of teleportation.
 31487 | Vaults:2 | 31487 ||| DRINKING 4 potions of heal wounds.
 31493 | Vaults:2 | 31493 ||| Stepping ~*~*~tactically~*~*~ (stealth).
 31518 | Vaults:2 | 31518 ||| INVOKING Heroism.
 31541 | Vaults:2 | Reached skill level 17 in Armour
 31580 | Vaults:2 | 31580 ||| INVOKING Heroism.
 31598 | Vaults:2 | Received a gift from Okawaru
 31695 | Vaults:2 | Noticed Saint Roka
 31696 | Vaults:2 | 31696 ||| INVOKING Heroism.
 31697 | Vaults:2 | 31697 ||| INVOKING Finesse.
 31702 | Vaults:2 | 31702 ||| Stepping ~*~*~tactically~*~*~ (hiding).
 31703 | Vaults:2 | 31703 ||| Stepping ~*~*~tactically~*~*~ (hiding).
 31740 | Vaults:2 | Killed Saint Roka
 31741 | Vaults:2 | Reached XP level 19. HP: 70/125 MP: 22/26
 31765 | Vaults:2 | 31765 ||| INVOKING Heroism.
 31791 | Vaults:2 | Reached skill level 18 in Armour
 31819 | Vaults:2 | 31819 ||| INVOKING Heroism.
 31860 | Vaults:2 | 31860 ||| INVOKING Heroism.
 31878 | Vaults:2 | Received a gift from Okawaru
 31941 | Vaults:2 | 31941 ||| Stepping ~*~*~tactically~*~*~ (stealth).
 32009 | Vaults:2 | 32009 ||| Stepping ~*~*~tactically~*~*~ (stealth).
 32010 | Vaults:2 | 32010 ||| Stepping ~*~*~tactically~*~*~ (stealth).
 32011 | Vaults:2 | 32011 ||| Stepping ~*~*~tactically~*~*~ (stealth).
 32099 | Vaults:1 | 32099 ||| Stepping ~*~*~tactically~*~*~ (hiding).
 32103 | Vaults:1 | 32103 ||| Stepping ~*~*~tactically~*~*~ (hiding).
 32104 | Vaults:1 | 32104 ||| Stepping ~*~*~tactically~*~*~ (hiding).
 32105 | Vaults:1 | 32105 ||| Stepping ~*~*~tactically~*~*~ (hiding).
 32144 | Vaults:1 | 32144 ||| INVOKING Heroism.
 32146 | Vaults:1 | 32146 ||| INVOKING Finesse.
 32169 | Vaults:1 | Received a gift from Okawaru
 32183 | Vaults:1 | HP: 28/127 [ironbound thunderhulk/bolt of lightning (11)]
 32184 | Vaults:1 | 32184 ||| READING 9 scrolls of teleportation.
 32185 | Vaults:1 | 32185 ||| DRINKING 4 potions of heal wounds.
 32189 | Vaults:1 | 32189 ||| Stepping ~*~*~tactically~*~*~ (hiding).
 32244 | Vaults:1 | 32244 ||| INVOKING Heroism.
 32253 | Abyss:2  | Cast into level 2 of the Abyss (a wizard)
 32277 | Abyss:2  | 32277 ||| INVOKING Heroism.
 32383 | Abyss:2  | 32383 ||| INVOKING Heroism.
 32402 | Abyss:2  | 32402 ||| Stepping ~*~*~tactically~*~*~ (stealth).
 32411 | Abyss:2  | 32411 ||| Stepping ~*~*~tactically~*~*~ (hiding).
 32413 | Abyss:2  | 32413 ||| Stepping ~*~*~tactically~*~*~ (hiding).
 32454 | Abyss:2  | 32454 ||| Stepping ~*~*~tactically~*~*~ (hiding).
 32471 | Abyss:2  | 32471 ||| Stepping ~*~*~tactically~*~*~ (stealth).
 32481 | Abyss:2  | 32481 ||| Stepping ~*~*~tactically~*~*~ (hiding).
 32485 | Abyss:2  | 32485 ||| INVOKING Heroism.
 32500 | Abyss:2  | 32500 ||| Stepping ~*~*~tactically~*~*~ (stealth).
 32516 | Abyss:2  | 32516 ||| Stepping ~*~*~tactically~*~*~ (hiding).
 32520 | Abyss:2  | 32520 ||| Stepping ~*~*~tactically~*~*~ (hiding).
 32538 | Abyss:2  | 32538 ||| Stepping ~*~*~tactically~*~*~ (hiding).
 32541 | Abyss:2  | 32541 ||| Stepping ~*~*~tactically~*~*~ (hiding).
 32542 | Abyss:2  | 32542 ||| Stepping ~*~*~tactically~*~*~ (hiding).
 32544 | Abyss:2  | Noticed a bone dragon
 32561 | Abyss:2  | 32561 ||| INVOKING Heroism.
 32591 | Abyss:2  | Killed a bone dragon
 32592 | Abyss:2  | Received a gift from Okawaru
 32594 | Vaults:1 | Escaped the Abyss
 32857 | Vaults:1 | Identified the +1 helmet of Cuptuxaa {rF+++ Str-3 Int+8}
 32877 | Vaults:1 | 32877 ||| Stepping ~*~*~tactically~*~*~ (stealth).
 33007 | Vaults:1 | Found Vegireaw's Distillery.
 33011 | Vaults:1 | 33011 ||| BUYING 2 potions of curing (90 gold).
 33011 | Vaults:1 | Bought 2 potions of curing for 90 gold pieces
 33011 | Vaults:1 | 33011 ||| BUYING potion of curing (45 gold).
 33011 | Vaults:1 | Bought a potion of curing for 45 gold pieces
 33011 | Vaults:1 | 33011 ||| BUYING potion of haste (150 gold).
 33011 | Vaults:1 | Bought a potion of haste for 150 gold pieces
 33011 | Vaults:1 | 33011 ||| BUYING potion of heal wounds (75 gold).
 33011 | Vaults:1 | Bought a potion of heal wounds for 75 gold pieces
 33011 | Vaults:1 | 33011 ||| BUYING potion of resistance (150 gold).
 33011 | Vaults:1 | Bought a potion of resistance for 150 gold pieces
 33373 | Vaults:1 | 33373 ||| UPGRADING to +0 pair of gloves.
 33378 | Vaults:1 | 33378 ||| READING 18 scrolls of identify.
 33378 | Vaults:1 | 33378 ||| IDENTIFYING sedimented dark potion
 33379 | Vaults:1 | 33379 ||| DROPPING potion of ambrosia.
 33704 | Vaults:2 | Found a staircase to the Crypt.
 33838 | Vaults:2 | Reached skill level 19 in Armour
 34472 | Vaults:2 | 34472 ||| DROPPING ring of willpower.
 34480 | Vaults:3 | 34480 ||| STAIRDANCE
 34673 | Vaults:3 | Reached XP level 20. HP: 135/135 MP: 27/27
 34688 | Vaults:3 | 34688 ||| Stepping ~*~*~tactically~*~*~ (hiding).
 34689 | Vaults:3 | 34689 ||| INVOKING Heroism.
 34697 | Vaults:3 | 34697 ||| Stepping ~*~*~tactically~*~*~ (hiding).
 34700 | Vaults:3 | 34700 ||| Stepping ~*~*~tactically~*~*~ (hiding).
 34716 | Vaults:3 | Reached skill level 18 in Fighting
 34971 | Vaults:3 | 34971 ||| Stepping ~*~*~tactically~*~*~ (hiding).
 35001 | Vaults:3 | 35001 ||| INVOKING Heroism.
 35078 | Vaults:3 | Received a gift from Okawaru
 35111 | Vaults:3 | Reached ****** piety under Okawaru
 35210 | Vaults:3 | 35210 ||| Stepping ~*~*~tactically~*~*~ (stealth).
 35224 | Vaults:3 | Reached skill level 20 in Armour
 35244 | Vaults:3 | 35244 ||| Stepping ~*~*~tactically~*~*~ (stealth).
 35469 | Vaults:3 | Found Gium's Weapon Shoppe.
 35529 | Vaults:3 | 35529 ||| Stepping ~*~*~tactically~*~*~ (hiding).
 35531 | Vaults:3 | 35531 ||| Stepping ~*~*~tactically~*~*~ (hiding).
 35555 | Vaults:3 | 35555 ||| Stepping ~*~*~tactically~*~*~ (hiding).
 35907 | Vaults:3 | 35907 ||| DROPPING +1 cloak of preservation.
 35958 | Vaults:4 | 35958 ||| Stepping ~*~*~tactically~*~*~ (hiding).
 35976 | Vaults:4 | 35976 ||| INVOKING Heroism.
 35977 | Vaults:4 | 35977 ||| INVOKING Finesse.
 36018 | Vaults:4 | Reached skill level 9 in Throwing
 36045 | Vaults:4 | 36045 ||| Stepping ~*~*~tactically~*~*~ (hiding).
 36046 | Vaults:4 | 36046 ||| Stepping ~*~*~tactically~*~*~ (hiding).
 36058 | Vaults:4 | 36058 ||| Stepping ~*~*~tactically~*~*~ (stealth).
 36060 | Vaults:4 | 36060 ||| Stepping ~*~*~tactically~*~*~ (hiding).
 36089 | Vaults:4 | 36089 ||| Stepping ~*~*~tactically~*~*~ (stealth).
 36090 | Vaults:4 | 36090 ||| Stepping ~*~*~tactically~*~*~ (stealth).
 36091 | Vaults:4 | 36091 ||| Stepping ~*~*~tactically~*~*~ (stealth).
 36170 | Vaults:4 | 36170 ||| Stepping ~*~*~tactically~*~*~ (hiding).
 36172 | Vaults:4 | 36172 ||| Stepping ~*~*~tactically~*~*~ (hiding).
 36173 | Vaults:4 | 36173 ||| Stepping ~*~*~tactically~*~*~ (hiding).
 36202 | Vaults:4 | 36202 ||| Stepping ~*~*~tactically~*~*~ (stealth).
 36204 | Vaults:4 | 36204 ||| Stepping ~*~*~tactically~*~*~ (hiding).
 36206 | Vaults:4 | 36206 ||| Stepping ~*~*~tactically~*~*~ (hiding).
 36247 | Vaults:4 | Reached skill level 21 in Armour
 36255 | Vaults:4 | 36255 ||| Stepping ~*~*~tactically~*~*~ (stealth).
 36256 | Vaults:4 | 36256 ||| Stepping ~*~*~tactically~*~*~ (stealth).
 36257 | Vaults:4 | 36257 ||| Stepping ~*~*~tactically~*~*~ (stealth).
 36394 | Vaults:4 | 36394 ||| Stepping ~*~*~tactically~*~*~ (stealth).
 36395 | Vaults:4 | 36395 ||| Stepping ~*~*~tactically~*~*~ (stealth).
 36487 | Vaults:4 | 36487 ||| Stepping ~*~*~tactically~*~*~ (hiding).
 36490 | Vaults:4 | 36490 ||| Stepping ~*~*~tactically~*~*~ (hiding).
 36499 | Vaults:4 | Identified the +3 kite shield "Goolik" {Fly rN+} (Okawaru
                  | gifted it to you on level 4 of the Vaults)
 36499 | Vaults:4 | Received a gift from Okawaru
 36558 | Vaults:4 | 36558 ||| Stepping ~*~*~tactically~*~*~ (stealth).
 36559 | Vaults:4 | 36559 ||| Stepping ~*~*~tactically~*~*~ (stealth).
 36624 | Vaults:4 | Found Fiolot's Antique Weapon Emporium.
 36711 | Vaults:4 | Found Ceefugh's Antique Armour Shoppe.
 36773 | Vaults:4 | 36773 ||| Stepping ~*~*~tactically~*~*~ (stealth).
 36774 | Vaults:4 | 36774 ||| Stepping ~*~*~tactically~*~*~ (stealth).
 36775 | Vaults:4 | 36775 ||| Stepping ~*~*~tactically~*~*~ (stealth).
 36843 | Vaults:4 | 36843 ||| Stepping ~*~*~tactically~*~*~ (stealth).
 36883 | Vaults:4 | Reached XP level 21. HP: 134/142 MP: 28/28
 36900 | Vaults:4 | 36900 ||| INVOKING Heroism.
 37185 | Vaults:4 | Found Ystrip Xiru's Distillery.
 37187 | Vaults:4 | 37187 ||| Stepping ~*~*~tactically~*~*~ (stealth).
 37301 | Vaults:4 | 37301 ||| BUYING potion of curing (60 gold).
 37301 | Vaults:4 | Bought a potion of curing for 60 gold pieces
 37301 | Vaults:4 | 37301 ||| BUYING potion of curing (60 gold).
 37301 | Vaults:4 | Bought a potion of curing for 60 gold pieces
 37301 | Vaults:4 | 37301 ||| BUYING potion of curing (60 gold).
 37301 | Vaults:4 | Bought a potion of curing for 60 gold pieces
 37301 | Vaults:4 | 37301 ||| BUYING potion of haste (200 gold).
 37301 | Vaults:4 | Bought a potion of haste for 200 gold pieces
 37301 | Vaults:4 | 37301 ||| BUYING potion of haste (200 gold).
 37301 | Vaults:4 | Bought a potion of haste for 200 gold pieces
 37301 | Vaults:4 | 37301 ||| BUYING potion of lignification (60 gold).
 37301 | Vaults:4 | Bought a potion of lignification for 60 gold pieces
 37301 | Vaults:4 | 37301 ||| BUYING potion of resistance (200 gold).
 37301 | Vaults:4 | Bought a potion of resistance for 200 gold pieces
 37348 | Vaults:4 | Found Zeinkosh's Antique Weapon Emporium.
 37356 | Vaults:4 | 37356 ||| BUYING glowing war axe (221 gold).
 37356 | Vaults:4 | Bought a glowing war axe for 221 gold pieces
 37356 | Vaults:4 | 37356 ||| SWAPPING to +1 vampiric war axe.
 37581 | Vaults:4 | 37581 ||| PLANNING SPIDER:4
 37855 | Spider:4 | Entered Level 4 of the Spider Nest
 37930 | Spider:4 | 37930 ||| Stepping ~*~*~tactically~*~*~ (hiding).
 37968 | Spider:4 | Noticed Donald
 37988 | Spider:4 | 37988 ||| INVOKING Heroism.
 37994 | Spider:4 | HP: 29/144 [radroach (11)]
 37995 | Spider:4 | 37995 ||| READING 10 scrolls of teleportation.
 37995 | Spider:4 | Slain by Donald

Levels and vault maps discovered:
D:1:      co_arrival_random_square_maze, layout_loops_ring
D:2:      kennysheep_six_static_rooms, layout_basic, basic_altar, serial_shops,
          shop, nicolae_ecumenical_oubliette
D:3:      layout_loops_corners
D:4:      layout_loops_ring, minmay_quadrilaterals
D:5:      layout_cave_pools, xom_teletrap_fun, minmay_temple_entry_stoned_glass
D:6:      layout_layer_cave, grunt_gozag_statues, mainiacjoe_overflow_two_lobes,
          chequers_serial_rivers_micro_c, skrybe_limestone_x,
          hangedman_decor_clover_reticule, grunt_ministairs_11,
          minmay_checkerbox
D:7:      layout_cave_pools
D:8:      layout_basic, nicolae_overflow_two_pavilions,
          mainiacjoe_overflow_alcove_1, minmay_misc_feat_square,
          kennysheep_dice, uniq_pikel
D:9:      layout_basic, kennysheep_mini_moat
D:10:     layout_roguey, lair_entry_dummy, orc_0_dummy
D:11:     layout_loops_corners, uniq_grum
D:12:     layout_roguey, serial_shops, nicolae_shop_tiny_waterfront,
          minmay_protected_statue, uniq_josephine
D:13:     minmay_box_of_curves, layout_long_grid, david_vaults_3,
          minmay_guarded_unrand_vampires_tooth
D:14:     cheibrodos_quadrivalence, layout_long_grid, minmay_hedge_maze,
          uniq_jorgrun, uniq_azrael
D:15:     hangedman_depths_entry_try_elsewhere_first, layout_layer_cave,
          okawaru_ov_weapons_minmay
Temple:   nicolae_temple_two_arcs
Lair:1:   layout_loops_ring, uniq_harold, uniq_nergalle
Lair:2:   layout_hall_layers, spider_nest_entry_a, gauntlet_entry_generic,
          lemuel_fruit_tree
Lair:3:   layout_long_grid, elwin_shoals_entry_rocks, ebering_ghost_xom,
          uniq_amaemon
Lair:4:   layout_layer_cave, serial_bayou_shore_a, grunt_megastairs_3
Lair:5:   minmay_lair_end_enchanted_forest, layout_regular_city, slime_entry_1,
          gammafunk_ghost_hydra_chop, grunt_megastairs_5, lemuel_fruit_fields
Shoals:1: layout_shoals, nicolae_shoals_spring_well_temple
Shoals:2: layout_shoals, ebering_ghost_davey_jones
Shoals:3: layout_shoals, serial_shops, shop, nicolae_shoals_sun_and_surf,
          uniq_roxanne
Shoals:4: shoals_end_hangedman, layout_shoals, serial_shops,
          nicolae_shop_statue_plus, shop, hangedman_feature_mirror,
          nicolae_shoals_drake_roost, uniq_aizul, uniq_polyphemus, uniq_kirke,
          uniq_bai_suzhen
Spider:1: layout_spider_delve, uniq_frances
Spider:2: layout_spider_delve, gammafunk_ghost_berserking_beasts,
          nicolae_orb_stairs
Spider:3: layout_chambers
Spider:4: spider_rune_water, uniq_donald
Orc:1:    layout_diamond_mine, serial_shops, shop, mines2_david
Orc:2:    pf_orc_diabolical, layout_caves
Vaults:1: nicolae_vaults_trapezoid_3, v_misc_27, nicolae_vaults_network_quincunx
          [nicolae_vaults_network_quincunx_subvault,
          nicolae_vaults_network_quincunx_subvault,
          nicolae_vaults_network_quincunx_subvault,
          nicolae_vaults_network_quincunx_subvault,
          nicolae_vaults_network_quincunx_subvault], ontoclasm_vaults_shuriken,
          ontoclasm_vaults_fault, hangedman_vaults_nails,
          nicolae_vaults_weapon_check, nicolae_vaults_loss_of_containment,
          ontoclasm_vaults_gateway, ontoclasm_vaults_tryst, v_misc_22,
          v_alt_pattern_4, v_misc_32, v_pattern_5, layout_vaults_maze,
          serial_shops, nicolae_shop_pleasant_corner_grove
Vaults:2: grunt_vaults_diagonal, grunt_vaults_hallway_short,
          nicolae_vaults_ninety_degrees, nicolae_vaults_gold_heap,
          nicolae_vaults_what_the_h, blue_anna_dwarven_crypt,
          nicolae_vaults_security_offices_5, layout_vaults_omnigrid,
          uniq_saint_roka
Vaults:3: hangedman_vaults_restitches, nicolae_vaults_closet_pinwheel_6,
          nicolae_vaults_three_branches, v_misc_33,
          nicolae_vaults_closet_pinwheel_3, vaults_room_octagon,
          nicolae_vaults_lightning_bolt,
          nicolae_vaults_taking_the_gang_shopping,
          nicolae_vaults_trapezoid_lopsided_1, layout_vaults_omnicross
Vaults:4: hangedman_vaults_unwind, nicolae_vaults_circle_grid_a,
          vaults_room_door_ring, v_pattern_3, v_rooms_2, hangedman_vaults_snaps,
          nicolae_vaults_little_squares_2, nicolae_vaults_cochlea,
          nicolae_vaults_disjoint_gnomons, hangedman_vaults_impose,
          hangedman_vaults_hat, vaults_room_pools, vaults_room_octagon,
          ontoclasm_vaults_loading_screen, layout_vaults_omnibox, serial_shops,
          nicolae_shop_behind_doors, shop_statue, shop, shop

Skill      XL: |  1  2  3  4  5  6  7  8  9 10 11 12 13 14 15 16 17 18 19 20 21 |
---------------+----------------------------------------------------------------+-----
Axes           | 2 3 4 5 6 7 9 11 12 14 15 16 18 | 18.0
Fighting       | 4 5 6 7 9 10 12 13 15 16 17 18 19 | 19.0
Dodging        | 1 2 3 4 |  4.0
Invocations    | 2 4 8 10 | 10.0
Armour         | 7 8 9 11 12 14 17 19 21 | 21.1
Shields        | 4 5 7 10 11 12 13 15 16 17 | 17.0
Throwing       | 1 3 4 6 7 8 9 |  9.0

Action                     |  1- 3 |  4- 6 |  7- 9 | 10-12 | 13-15 | 16-18 | 19-21 || total
---------------------------+-------+-------+-------+-------+-------+-------+-------++-------
  Melee: War axe           |    83 |   172 |   248 |   587 |   229 |       |    99 ||  1418
         Broad axe         |       |       |       |       |   793 |  1392 |  1054 ||  3239
         Demon whip        |       |       |       |       |    61 |       |       ||    61
  Throw: Boomerang         |       |       |       |     7 |    83 |   127 |    55 ||   272
         Javelin           |       |       |       |     7 |    57 |   129 |    62 ||   255
 Invoke: Heroism           |       |       |     2 |    22 |    37 |    44 |    14 ||   119
         Finesse           |       |       |       |     1 |    12 |     5 |     2 ||    20
    Use: Scroll            |     5 |     9 |     3 |     7 |     8 |    15 |     3 ||    50
         Potion            |       |       |       |     2 |     1 |     4 |     1 ||     8
   Stab: Confused          |       |       |       |       |       |     2 |       ||     2
         Petrifying        |       |       |       |       |       |     3 |       ||     3
         Petrified         |       |       |       |       |       |     1 |       ||     1
 Armour: Scale mail        |    34 |    58 |    61 |       |       |       |       ||   153
         Plate armour      |       |       |    46 |   240 |   220 |   264 |       ||   770
         Gold dragon scale |       |       |       |       |       |    68 |   369 ||   437
  Dodge: Dodged            |    26 |   103 |   120 |   220 |    74 |   145 |   100 ||   788
  Block: Buckler           |     9 |    38 |   113 |   142 |       |       |       ||   302
         Reflection        |       |       |       |     2 |    38 |   129 |    66 ||   235
         Kite shield       |       |       |       |   327 |  1126 |  1584 |  1323 ||  4360

Table legend:
 A = Non-vault XP
 B = Vault XP
 C = Vault XP percentage of total XP
 D = Non-vault monster count
 E = Vault monster count
 F = Vault count percentage of total count
                 A         B        C        D         E       F
            +---------+---------+-------+---------+---------+-------
      Total |  328543 |  188726 |  36.5 |     928 |     388 |  29.5
            +---------+---------+-------+---------+---------+-------
        D:1 |      40 |       0 |   0.0 |      22 |       0 |   0.0
        D:2 |      33 |       9 |  21.4 |       6 |       6 |  50.0
        D:3 |      95 |       0 |   0.0 |      22 |       0 |   0.0
        D:4 |     261 |     129 |  33.1 |      23 |       3 |  11.5
        D:5 |     842 |       0 |   0.0 |      17 |       0 |   0.0
        D:6 |     851 |     379 |  30.8 |      17 |       6 |  26.1
        D:7 |    1775 |       0 |   0.0 |      23 |       0 |   0.0
        D:8 |    1990 |    1104 |  35.7 |      25 |       4 |  13.8
        D:9 |    3310 |       0 |   0.0 |      32 |       0 |   0.0
       D:10 |    2975 |       0 |   0.0 |      24 |       0 |   0.0
       D:11 |    1951 |     565 |  22.5 |      10 |       4 |  28.6
       D:12 |    6572 |    1994 |  23.3 |      20 |       6 |  23.1
       D:13 |    5082 |   20366 |  80.0 |      16 |      42 |  72.4
       D:14 |    8412 |    5423 |  39.2 |      14 |      12 |  46.2
       D:15 |   16934 |    2199 |  11.5 |      34 |       4 |  10.5
     Lair:1 |    5376 |    1640 |  23.4 |      22 |       2 |   8.3
     Lair:2 |    5642 |     223 |   3.8 |      27 |       1 |   3.6
     Lair:3 |    5848 |    1213 |  17.2 |      34 |       2 |   5.6
     Lair:4 |    3910 |     299 |   7.1 |       9 |       2 |  18.2
     Lair:5 |    9774 |    8595 |  46.8 |      37 |      46 |  55.4
   Shoals:1 |    5949 |    3856 |  39.3 |      12 |       6 |  33.3
   Shoals:2 |    9959 |       0 |   0.0 |      18 |       0 |   0.0
   Shoals:3 |   11170 |    3871 |  25.7 |      23 |       5 |  17.9
   Shoals:4 |   11804 |   31504 |  72.7 |      22 |      48 |  68.6
   Spider:1 |    3084 |    1599 |  34.1 |       7 |       1 |  12.5
   Spider:2 |   11814 |    2102 |  15.1 |      25 |       3 |  10.7
   Spider:3 |   17468 |       0 |   0.0 |      45 |       0 |   0.0
   Spider:4 |    9209 |     689 |   7.0 |      22 |       1 |   4.3
      Orc:1 |    4143 |     130 |   3.0 |      34 |       3 |   8.1
      Orc:2 |    4095 |   12900 |  75.9 |      47 |      59 |  55.7
   Vaults:1 |   24044 |   24414 |  50.4 |      34 |      31 |  47.7
   Vaults:2 |   42508 |   18555 |  30.4 |      59 |      34 |  36.6
   Vaults:3 |   27307 |   19121 |  41.2 |      43 |      25 |  36.8
   Vaults:4 |   41094 |   25847 |  38.6 |      55 |      32 |  36.8
    Abyss:2 |   23222 |       0 |   0.0 |      48 |       0 |   0.0
            +---------+---------+-------+---------+---------+-------
